 Dungeon Crawl Stone Soup version 0.29-a0-243-g602b31c20e (webtiles) character file.

Game seed: 11740485622844414160

100 esteth the Conjurer (level 4, -5/24 HPs)
             Began as a Deep Elf Conjurer on Mar 4, 2022.
             Slain by a gnoll
             ... wielding a +0 flail
              (14 damage)
             ... on level 2 of the Dungeon.
             The game lasted 00:03:23 (1906 turns).

esteth the Conjurer (Deep Elf Conjurer)             Turns: 1906, Time: 00:03:23

Health: -5/24      AC:  2    Str:  4    XL:     4   Next: 46%
Magic:  7/10       EV: 12    Int: 25    God:
Gold:   49         SH:  0    Dex: 13    Spells: 4/9 levels left

rFire   . . .      SeeInvis .   e - +1 dagger (venom)
rCold   . . .      Faith    .   (no shield)
rNeg    . . .      Spirit   .   a - +0 robe
rPois   .          Reflect  .   (no helmet)
rElec   .          Harm     .   (no cloak)
rCorr   .          Rampage  .   (no gloves)
Will    .....                   (no boots)
Stlth   ++........              (no amulet)
HPRegen 0.08/turn               (no ring)
MPRegen 0.12/turn               (no ring)

@: no status effects
A: no striking features
a: no special abilities


You were on level 2 of the Dungeon.
You visited 1 branch of the dungeon, and saw 2 of its levels.

You collected 49 gold pieces.


   Skills:
 - Level 0.2 Fighting
 - Level 2.5 Dodging
 - Level 2.4 Stealth
 - Level 3.1 Spellcasting
 - Level 6.0 Conjurations
 + Level 2.3 Hexes


You had 4 spell levels left.
You knew the following spells:

 Your Spells              Type           Power      Damage    Failure   Level
f - Fulminant Prism       Conj/Hex       12%        3d9       19%         4
m - Magic Dart            Conj           100%       1d8       1%          1

Your spell library contained the following spells:

 Spells                   Type           Power      Damage    Failure   Level
 Searing Ray              Conj           66%        2d6       1%          2
 Dazzling Flash           Conj/Hex       48%        N/A       5%          3
 Iskenderun's Mystic Bla  Conj/Tloc      18%        2d6       28%         4

Inventory:

Hand Weapons
 e - a +1 dagger of venom (weapon)
   (You took it off a goblin on level 1 of the Dungeon)
 g - a +1 dagger of pain
   (You took it off a kobold on level 1 of the Dungeon)
Missiles
 b - 3 poisoned darts
Armour
 a - a +0 robe (worn)
 d - a +0 leather armour
   (You found it on level 1 of the Dungeon)
Scrolls
 c - 2 scrolls of noise {unknown}
 f - a scroll of enchant weapon {unknown}
 i - a scroll of identify {unknown}
 j - a scroll of blinking {unknown}
Potions
 h - a potion of cancellation {unknown}
 k - a potion of curing {unknown}

Dungeon Overview and Level Annotations

Branches:
Dungeon (2/15)

Altars:

##### #####...####.
#######............
........###)..##### ###
#######.####).#####.
##.###### #.##..........
##.......####.##.#..#####.
#.....##............##
.............).g@....#
#.....####....###..#.#
##...## #.>### #.รท#.####.
....## #..# #.........
..### ##..######.#.####.
#.#######....โ€
<.........#
#...........###....#.##.#
##########..# #.####.# #
#..# #.# #


You could see a gnoll.


Message History

Casting: Magic Dart (safe; 1% risk of failure)
Confirm with . or Enter, or press ? or * to list all spells.
Aiming: Magic Dart (safe; 1% risk of failure)
Press: ? - help, Shift-Dir - straight line, f/p - gnoll
Aim: a gnoll, wielding a +0 whip (almost dead, 100% to hit)
The magic dart hits the gnoll.
You kill the gnoll! ๐Ÿ˜Ž MP[-1]
You lost 1 mp, and now have 5/10 mp.
There is a stone staircase leading up here.
Casting: Magic Dart (safe; 1% risk of failure)
Confirm with . or Enter, or press ? or * to list all spells.
Aiming: Magic Dart (safe; 1% risk of failure)
Press: ? - help, Shift-Dir - straight line, f - gnoll
Aim: a gnoll, wielding a +0 flail (100% to hit)
The magic dart hits the gnoll.
The gnoll hits you with a +0 flail. ๐Ÿ˜ฎ HP[-6] MP[-1]
You take 6 damage, and now have 18/24 hp.
MASSIVE DAMAGE!! (PAUSE)
You lost 1 mp, and now have 4/10 mp.
The gnoll completely misses you.
You climb upwards.
There is a stone staircase leading down here. ๐Ÿ˜• HP[+1] MP[+1]
The gnoll misses you. ๐Ÿ˜• MP[+1]
Casting: Magic Dart (safe; 1% risk of failure)
Confirm with . or Enter, or press ? or * to list all spells.
Aiming: Magic Dart (safe; 1% risk of failure)
Press: ? - help, Shift-Dir - straight line, f - gnoll
Aim: a gnoll, wielding a +0 flail (lightly wounded, 100% to hit)
The magic dart hits the gnoll.
The gnoll barely misses you. ๐Ÿ˜• MP[-1]
You lost 1 mp, and now have 5/10 mp. ๐Ÿ˜• HP[+1]
The gnoll hits you with a +0 flail!
* * * LOW HITPOINT WARNING * * *
๐Ÿ˜จ HP[-10]
You take 10 damage, and now have 10/24 hp.
MASSIVE DAMAGE!! (PAUSE)
Casting: Magic Dart (safe; 1% risk of failure)
Confirm with . or Enter, or press ? or * to list all spells.
The spell is potentially lethal to miscast (19% risk of failure)!
Continue anyway?
Aiming: Fulminant Prism (potentially lethal; 19% risk of failure)
Press: ? - help, Dir - move target, p - gnoll You conjure a prism of explosive energy!
A fulminant prism comes into view.
The gnoll closely misses you. ๐Ÿ˜จ MP[-4]
You lost 4 mp, and now have 1/10 mp.
Your fulminant prism crackles loudly.
The blast of energy engulfs the gnoll!
You kill the gnoll!
Your Hexes skill increases to level 2! ๐Ÿ˜จ MP[+1]
You start resting. ๐Ÿ˜ฎ HP[+5] MP[+8]
You regained 5 hp, and now have 15/24 hp.
Your mp is fully restored (10).
You start resting. ๐Ÿ˜Ž HP[+9]
Your hp is fully restored (24).
(D) Dungeon
Where to? (Enter - D:2, ? - help)
You see here a +0 flail.
There is a stone staircase leading down here.
You climb downwards.
The gnoll hits you with a +0 flail!
There is a stone staircase leading up, spattered with blood here. ๐Ÿ˜ฎ HP[-7]
You take 7 damage, and now have 17/24 hp.
MASSIVE DAMAGE!! (PAUSE)
Casting: Fulminant Prism (potentially lethal; 19% risk of failure)
Confirm with . or Enter, or press ? or * to list all spells.
Aiming: Magic Dart (safe; 1% risk of failure)
Press: ? - help, Shift-Dir - straight line, f - gnoll
Aim: a gnoll, wielding a +0 flail (100% to hit)
The magic dart hits the gnoll.
The gnoll hits you with a +0 flail!
* * * LOW HITPOINT WARNING * * *
๐Ÿ˜จ HP[-7] MP[-1]
You take 7 damage, and now have 10/24 hp.
MASSIVE DAMAGE!! (PAUSE)
You lost 1 mp, and now have 9/10 mp.
Casting: Magic Dart (safe; 1% risk of failure)
Confirm with . or Enter, or press ? or * to list all spells.
Aiming: Magic Dart (safe; 1% risk of failure)
Press: ? - help, Shift-Dir - straight line, f/p - gnoll
Aim: a gnoll, wielding a +0 flail (moderately wounded, 100% to hit)
The magic dart hits the gnoll.
The gnoll hits you with a +0 flail.
* * * LOW HITPOINT WARNING * * *
๐Ÿ˜จ HP[-1] MP[-1]
You take 1 damage, and now have 9/24 hp.
You lost 1 mp, and now have 8/10 mp.
Casting: Magic Dart (safe; 1% risk of failure)
Confirm with . or Enter, or press ? or * to list all spells.
Aiming: Magic Dart (safe; 1% risk of failure)
Press: ? - help, Shift-Dir - straight line, f/p - gnoll
Aim: a gnoll, wielding a +0 flail (heavily wounded, 100% to hit)
The magic dart hits the gnoll.
The gnoll hits you with a +0 flail!
Ouch! That really hurt!
You die...

Skill      XL: |  1  2  3  4 |
---------------+-------------+-----
Conjurations   | 5 6 |  6.0
Hexes          | 2 |  2.3
Fighting       | |  0.2
Dodging        | |  2.5
Stealth        | |  2.4
Spellcasting   | |  3.1

Action                   |  1- 3 |  4- 6 || total
-------------------------+-------+-------++-------
Melee: Dagger            |     4 |       ||     4
 Cast: Magic Dart        |    65 |    14 ||    79
       Fulminant Prism   |       |     1 ||     1
Armor: Robe              |     3 |       ||     3
Dodge: Dodged            |     3 |     4 ||     7

Levels and vault maps discovered:
D:1:      dpeg_arrival_arbitrary_b, layout_basic, chequers_serial_rivers_room_b,
          serial_bayou_pond_b, roderic_roman_lattice,
          chequers_serial_rivers_micro_a, minivault_11
D:2:      layout_loops_ring, basic_altar, basic_ecumenical_altar

Notes
Turn   | Place    | Note
-------+----------+-------------------------------------------
     0 | D:1      | esteth the Deep Elf Conjurer began the quest for the Orb.
     0 | D:1      | Reached XP level 1. HP: 10/10 MP: 6/6
     0 | D:1      | magus.rc [v1.11.3]
   267 | D:1      | Reached XP level 2. HP: 15/15 MP: 4/8
   269 | D:1      | Reached skill level 5 in Conjurations
   727 | D:1      | Reached XP level 3. HP: 19/19 MP: 3/9
  1434 | D:2      | Reached skill level 6 in Conjurations
  1592 | D:2      | Reached XP level 4. HP: 24/24 MP: 4/10
  1597 | D:2      | Learned a level 4 spell: Fulminant Prism
  1679 | D:2      | Reached skill level 1 in Hexes
  1716 | D:1      | Reached skill level 2 in Hexes
  1906 | D:2      | Slain by a gnoll

Vanquished Creatures
  3 adders (D:2)
  3 gnolls
  A dart slug (D:1)
  2 endoplasms
  2 giant cockroaches
  6 goblins
  4 hobgoblins (D:1)
  4 jackals (D:1)
  4 kobolds
  3 ball pythons
  2 bats (D:1)
  2 frilled lizards (D:1)
  5 rats
41 creatures vanquished.

Vanquished Creatures (others)
  A fulminant prism (D:1)
  A plant (D:1)
2 creatures vanquished.

Grand Total: 43 creatures vanquished

Table legend:
 A = Non-vault XP
 B = Vault XP
 C = Vault XP percentage of total XP
 D = Non-vault monster count
 E = Vault monster count
 F = Vault count percentage of total count
                 A         B        C        D         E       F
            +---------+---------+-------+---------+---------+-------
      Total |     135 |       8 |   5.6 |      37 |       4 |   9.8
            +---------+---------+-------+---------+---------+-------
        D:1 |      56 |       8 |  12.5 |      26 |       4 |  13.3
        D:2 |      79 |       0 |   0.0 |      11 |       0 |   0.0
            +---------+---------+-------+---------+---------+-------

Illustrated notes

Table legend:
 A = Kills in this place as a percentage of kills in entire the game.
 B = Kills by you in this place as a percentage of kills by you in the entire game.
 C = Kills by friends in this place as a percentage of kills by friends in the entire game.
 D = Other kills in this place as a percentage of other kills in the entire game.
 E = Experience gained in this place as a percentage of experience gained in the entire game.
 F = Experience gained in this place divided by the number of levels of this place that you have seen.
                   A       B       C       D       E      F
               +-------+-------+-------+-------+-------+----------------------
         Total | 100.0 | 100.0 |   N/A |   N/A | 100.0 |  71.5
       Dungeon | 100.0 | 100.0 |   N/A |   N/A | 100.0 |  71.5
               +-------+-------+-------+-------+-------+----------------------

Table legend: (Time is in decaauts)
 A = Elapsed time spent in this place.
 B = Non-inter-level travel time spent in this place.
 C = Inter-level travel time spent in this place.
 D = Time resting spent in this place.
 E = Time spent auto-exploring this place.
 F = Levels seen in this place.
 G = Mean time per level.
                   A        B        C        D        E       F      G
               +--------+--------+--------+--------+--------+-----+--------+
         Total |   1909 |   1824 |     85 |    171 |   1463 |   2 |  954.5 |
       Dungeon |   1909 |   1824 |     85 |    171 |   1463 |   2 |  954.5 |
               +--------+--------+--------+--------+--------+-----+--------+

Top non-repeatable levels by time:
     D:1: 1632 daAuts
     D:2: 277 daAuts
